 Dungeon Crawl Stone Soup version 0.27-a0-531-gb72ec1a1b6 (webtiles) character file.

Game seed: 11851187036842628426

10661 siradein the Fighter (level 11, 0/123 HPs)
             Began as an Ogre Gladiator on Mar 6, 2021.
             Was a Priest of Trog.
             Engulfed by an ice statue's freezing vapour (15 damage)
             ... in an ice cave.
             The game lasted 00:45:14 (13757 turns).

siradein the Fighter (Ogre Gladiator)              Turns: 13757, Time: 00:45:15

Health: 0/123      AC:  5    Str: 22    XL:     11   Next: 65%
Magic:  11/11      EV: 10    Int:  9    God:    Trog [***...]
Gold:   364        SH: 16    Dex: 21    Spells: 10/10 levels left

rFire    . . .     SeeInvis +   A - +10 mace of Serefu {freeze, rC+ SInv}
rCold    + + .     Faith    .   i - +1 kite shield
rNeg     . . .     Spirit   .   b - +0 robe
rPois    .         Reflect  .   c - +1 hat
rElec    .         Harm     .   s - +0 cloak
rCorr    .         Rampage  .   (gloves unavailable)
Will     +++..     Rnd*Rage +   (boots unavailable)
Stlth    ++........             y - amulet of regeneration
HPRegen  2.30/turn              l - +6 ring of dexterity
MPRegen  0.12/turn              L - ring of protection from cold

@: berserk cooldown, regenerating, slowed, very slow
A: large, unfitting armour, large bone plates 1, agile 1, berserk 1, screaming
1, strong 1, tough skin 1
a: Renounce Religion, Berserk, Trog's Hand


You were in an ice cave.
You worshipped Trog.
Trog was most pleased with you.
You visited 2 branches of the dungeon, and saw 12 of its levels.
You also visited: Ice Cave.

You collected 624 gold pieces.
You spent 260 gold pieces at shops.

Inventory:

Hand Weapons
 j - a +0 whip of electrocution
 k - a +0 whip of flaming
 A - the +10 mace of Serefu (weapon) {freeze, rC+ SInv}
   (You found it on level 6 of the Dungeon)

   It has been specially enchanted to freeze those struck by it, causing extra
   injury to most foes and up to half again as much damage against particularly
   susceptible opponents.
   It can also slow down cold-blooded creatures.
   It protects you from cold.
   It lets you see invisible.
 E - a +0 vorpal giant spiked club
 F - a +1 vorpal hunting sling
Missiles
 d - 5 throwing nets
 h - 4 large rocks
 n - 5 datura-tipped darts
 C - 4 curare-tipped darts
 H - 13 poisoned darts
 Q - 15 boomerangs (quivered)
 R - 19 sling bullets
Armour
 b - a +0 robe (worn)
 c - a +1 hat (worn)
 i - a +1 kite shield (worn)
 s - a +0 cloak (worn)
Jewellery
 e - a +6 ring of intelligence
 f - a ring of resist corrosion
 l - a +6 ring of dexterity (left hand)
 r - an amulet of magic regeneration
 w - a ring of magical power
 y - an amulet of regeneration (around neck)
 J - a ring of poison resistance
 K - a ring of fire
 L - a ring of protection from cold (right hand)
 P - the ring "Guppaid" {Fire rPois Will+ Slay-5}
   (You found it on level 10 of the Dungeon)

   [ring of fire]

   It enhances your fire magic.
   It affects your accuracy and damage with ranged weapons and melee attacks
   (-5).
   It protects you from fire.
   It makes you vulnerable to cold.
   It protects you from poison.
   It affects your willpower, your defense against some magical effects.
Wands
 a - a wand of polymorph (1)
 m - a wand of flame (35)
 D - a wand of digging (11)
 G - a wand of charming (8)
Scrolls
 g - 4 scrolls of amnesia
 x - a scroll of magic mapping
 M - a scroll of fear
 N - a scroll of blinking {unknown}
Potions
 o - 4 potions of might
 p - 3 potions of attraction
 q - 3 potions of curing
 t - 3 potions of flight
 u - 2 potions of heal wounds {unknown}
 v - a potion of resistance {unknown}
 z - 3 potions of cancellation {unknown}
 B - a potion of berserk rage
 I - a potion of brilliance {unknown}
 O - a potion of ambrosia {unknown}


   Skills:
 + Level 12.2 Fighting
 + Level 9.2 Maces & Flails
 + Level 9.7 Throwing
 - Level 2.6 Dodging
 + Level 7.1 Shields


You had 10 spell levels left.
You didn't know any spells.
Your spell library contained the following spells:

 Spells                   Type           Power      Damage    Failure   Level
 Sublimation of Blood     Necr           0%         N/A       65%         2
 Ignite Poison            Fire/Tmut/Pois 0%         N/A       87%         3
 Petrify                  Tmut/Erth      0%         N/A       99%         4
 Alistair's Intoxication  Tmut/Pois      0%         N/A       100%        5
 Irradiate                Conj/Tmut      0%         3d14      100%        5
 Eringya's Noxious Bog    Tmut/Pois      0%         N/A       100%        6


Dungeon Overview and Level Annotations

Branches:
Dungeon (11/15)            Temple (1/1) D:5            Lair (0/6) D:11
    Orc (0/2) D:10          IceCv (1/1)

Altars:
Ashenzari
Dithmenos
Elyvilon
Fedhas
Gozag
Hepliaklqana
Kikubaaqudgha
Makhleb
Nemelex Xobeh
Okawaru
Sif Muna
Trog
Uskayaw
Vehumet
Wu Jian
Xom
Yredelemnul
Zin

Shops:
D:6 *   D:8 ?   D:9 *

Annotations:
D:2 exclusion: oklob plant
D:9 4 runed translucent doors, Demosthentine's ghost, novice MfGl IceCv 1 transporter, exclusion: 2 ice statues


Innate Abilities, Weirdness & Mutations

You are too large for most types of armour.
You have tough skin. (AC +1)
You are partially covered in large bone plates. (SH +4)
You are agile. (Dex +2)
You tend to lose your temper in combat.
You occasionally shout uncontrollably at your foes.
Your muscles are strong. (Str +2)


Message History

The ice statue is lightly damaged.
You are engulfed in freezing vapours.
You resist. You block the ice beast's attack.
The ice statue gestures. x2
The ice beast hits you. The ice beast freezes you. You resist.
You block the ice beast's attack. The ice statue gestures at you.
The bolt of cold misses you. The ice beast barely misses you.
You thump the ice statue!
The ice statue is moderately damaged.
The ice beast barely misses you. You block the ice beast's attack.
The ice beast hits you but does no damage.
The ice statue glitters chillingly in the dim dungeon light.
The ice statue gestures at you. The shard of ice hits you!!
You partially resist. The ice beast hits you. The ice beast freezes you.
You resist. The ice beast barely misses you.
You sock the ice statue!
The ice statue is moderately damaged.
You block the ice beast's attack. x2
The ice statue gestures at you. The freezing blast engulfs you! You resist.
Unknown command.
You hit the ice statue but do no damage.
The ice statue is moderately damaged.
You are engulfed in freezing vapours.
You resist.
* * * LOW HITPOINT WARNING * * *
The ice beast misses you. You block the ice beast's attack. x2
The ice beast closely misses you. The ice statue gestures at you.
The bolt of cold hits the ice statue.
The ice statue completely resists.
The bolt of cold hits you! You resist.
* * * LOW HITPOINT WARNING * * *
You block the ice beast's attack. The ice beast hits you.
* * * LOW HITPOINT WARNING * * *
The ice beast freezes you. You resist.
* * * LOW HITPOINT WARNING * * *
Your skin crawls.
You feel strong-willed.
You are engulfed in freezing vapours.
You resist.
You die...

###########
##...(©)...##
#...8.:.8...#
##....!.!....##
#......$.☼☼○..#
#....8..Y8@Y..#
#........YYY..#
#.....†.☼...##
#...........#
#.....©.....#
##.........##
##...∩...##
##.....##
#######


You could see 2 ice statues and 5 ice beasts.

Vanquished Creatures
  Erica (D:9)
  A two-headed ogre (D:8)
  Pikel (D:4)
  An ugly thing (IceCv)
  A queen bee (D:10)
  A troll (D:10)
  Prince Ribbit (D:7)
  Grinder (D:3)
  Sigmund (D:2)
  A wyvern (D:9)
  Menkaure (D:4)
  Duvessa (D:6)
  Edmund (D:6)
  A water moccasin (D:10)
  8 orc warriors
  A sky beast (D:6)
  10 ice beasts
  A black bear (D:9)
  4 ogres
  5 centaurs
  A necrophage (D:9)
  A phantom (D:8)
  A kobold brigand (D:8)
  6 bullfrogs
  Dowan (D:6)
  6 scorpions
  13 killer bees (D:10)
  12 wights
  A quasit (D:5)
  2 centaur zombies (D:8)
  2 jellies
  2 gnoll shamans
  11 orc priests
  5 hounds
  Crazy Yiuf (D:3)
  3 iguanas
  Jessica (D:2)
  Natasha (thrice) (D:3)
  Terence (D:2)
  14 orc wizards
  6 worker ants
  A hound zombie (D:5)
  3 worker ant zombies
  17 gnolls
  4 adders
  A howler monkey skeleton (D:4)
  2 shadow imps
  4 white imps
  An adder skeleton (D:10)
  3 worms
  4 dart slugs (D:1)
  5 leopard geckos
  51 orcs
  8 bats
  3 giant cockroaches
  6 goblins
  6 hobgoblins
  10 jackals
  6 quokkas
  3 frilled lizards
  9 kobolds
  A leopard gecko zombie (D:5)
  A quokka skeleton (D:4)
  4 rats
289 creatures vanquished.

Vanquished Creatures (collateral kills)
  An ugly thing (IceCv)
  4 ice beasts (IceCv)
5 creatures vanquished.

Vanquished Creatures (others)
  A scorpion (D:7)
  An orc wizard (D:7)
  2 fungi (D:3)
  10 plants (D:10)
14 creatures vanquished.

Grand Total: 308 creatures vanquished

Notes
Turn   | Place    | Note
-------+----------+-------------------------------------------
     0 | D:1      | siradein the Ogre Gladiator began the quest for the Orb.
     0 | D:1      | Reached XP level 1. HP: 22/22 MP: 1/1
    31 | D:1      | Reached skill level 3 in Fighting
    31 | D:1      | Reached XP level 2. HP: 18/31 MP: 2/2
   569 | D:1      | Reached XP level 3. HP: 37/37 MP: 3/3
  1210 | D:2      | Noticed Jessica
  1227 | D:2      | Killed Jessica
  1228 | D:2      | Reached XP level 4. HP: 44/48 MP: 4/4
  1428 | D:2      | Found a blossoming altar of Fedhas.
  1454 | D:2      | Noticed an oklob plant
  1579 | D:2      | Reached skill level 4 in Fighting
  1968 | D:2      | Noticed Sigmund
  1988 | D:2      | Gained mutation: Your body sometimes deteriorates upon
                  | taking damage. [potion of mutation]
  1988 | D:2      | Gained mutation: You are somewhat resistant to further
                  | mutation. [potion of mutation]
  2013 | D:2      | HP: 1/48 [Sigmund/+0 scythe (12)]
  2353 | D:2      | Killed Sigmund
  2354 | D:2      | Reached skill level 5 in Fighting
  2354 | D:2      | Reached XP level 5. HP: 15/57 MP: 5/5
  2354 | D:2      | Reached XP level 6. HP: 18/66 MP: 6/6
  2697 | D:2      | Noticed Terence
  2783 | D:2      | Killed Terence
  2975 | D:3      | Noticed Natasha
  3613 | D:4      | Noticed Pikel
  3625 | D:4      | Killed Pikel
  3626 | D:4      | Reached skill level 6 in Fighting
  3626 | D:4      | Reached skill level 5 in Maces & Flails
  3626 | D:4      | Reached skill level 5 in Throwing
  3626 | D:4      | Reached XP level 7. HP: 60/76 MP: 7/7
  3739 | D:4      | Noticed Menkaure
  3745 | D:4      | Reached skill level 7 in Fighting
  3806 | D:3      | Killed Natasha
  3807 | D:3      | Reached XP level 8. HP: 35/87 MP: 8/8
  4522 | D:3      | Noticed Natasha
  4530 | D:3      | Killed Natasha
  4552 | D:3      | Noticed Grinder
  4553 | D:3      | Paralysed by Grinder for 6 turns
  4560 | D:3      | Killed Grinder
  4561 | D:3      | Reached skill level 1 in Shields
  4613 | D:3      | Found a runed translucent door.
  4614 | D:3      | Noticed Crazy Yiuf
  5049 | D:3      | Noticed Natasha
  5055 | D:3      | Killed Natasha
  5291 | D:3      | Killed Crazy Yiuf
  5464 | D:4      | Killed Menkaure
  5465 | D:4      | Reached skill level 8 in Fighting
  5843 | D:4      | Found an opulent altar of Gozag.
  6476 | D:5      | Entered Level 5 of the Dungeon
  6575 | D:5      | Lost mutation: Your body sometimes deteriorates upon taking
                  | damage. [potion of mutation]
  6575 | D:5      | Lost mutation: You are somewhat resistant to further
                  | mutation. [potion of mutation]
  6575 | D:5      | Gained mutation: You occasionally shout uncontrollably at
                  | your foes. [potion of mutation]
  6575 | D:5      | Gained mutation: Your spells are a little easier to cast,
                  | but a little less powerful. [potion of mutation]
  6575 | D:5      | Gained mutation: You are clumsy. (Dex -2) [potion of
                  | mutation]
  6575 | D:5      | Gained mutation: Your muscles are strong. (Str +2) [potion
                  | of mutation]
  6598 | D:5      | Found a staircase to the Ecumenical Temple.
  6654 | Temple   | Entered the Ecumenical Temple
  6804 | Temple   | Became a worshipper of Trog the Wrathful
  6964 | D:5      | Found a shadowy altar of Dithmenos.
  6964 | D:5      | Found a white marble altar of Elyvilon.
  7190 | D:5      | Reached XP level 9. HP: 95/97 MP: 9/9
  7841 | D:6      | Found Fibeur's General Store.
  7841 | D:6      | Identified the +10 mace of Serefu {freeze, rC+ SInv}
  7976 | D:6      | Noticed Duvessa
  7976 | D:6      | Noticed Dowan
  7987 | D:6      | Killed Duvessa
  7991 | D:6      | Killed Dowan
  7991 | D:6      | Reached * piety under Trog
  8134 | D:6      | Lost mutation: Your spells are a little easier to cast, but
                  | a little less powerful. [potion of mutation]
  8134 | D:6      | Lost mutation: Your muscles are strong. (Str +2) [potion of
                  | mutation]
  8134 | D:6      | Gained mutation: You tend to lose your temper in combat.
                  | [potion of mutation]
  8134 | D:6      | Gained mutation: You can translocate small distances at
                  | will. [potion of mutation]
  8134 | D:6      | Gained mutation: Your muscles are strong. (Str +2) [potion
                  | of mutation]
  8731 | D:6      | Reached skill level 9 in Fighting
  9049 | D:6      | Found a broken altar of Ashenzari.
  9163 | D:6      | Noticed Edmund
  9178 | D:6      | Killed Edmund
  9835 | D:7      | Reached ** piety under Trog
  9837 | D:7      | Reached XP level 10. HP: 44/110 MP: 10/10
  9941 | D:7      | Reached skill level 10 in Fighting
 10051 | D:7      | Noticed Prince Ribbit
 10070 | D:7      | Killed Prince Ribbit
 10404 | D:7      | Found a radiant altar of Vehumet.
 10518 | D:7      | Lost mutation: You are clumsy. (Dex -2) [potion of
                  | mutation]
 10518 | D:7      | Lost mutation: You can translocate small distances at will.
                  | [potion of mutation]
 10518 | D:7      | Gained mutation: You are agile. (Dex +2) [potion of
                  | mutation]
 10518 | D:7      | Gained mutation: You are partially covered in large bone
                  | plates. (SH +4) [potion of mutation]
 10998 | D:8      | Reached skill level 5 in Shields
 11041 | D:8      | Noticed a two-headed ogre
 11067 | D:8      | Killed a two-headed ogre
 11421 | D:8      | Found a sparkling altar of Nemelex Xobeh.
 11747 | D:8      | Found Erewk's Magic Scroll Boutique.
 11872 | D:6      | Bought a scroll of brand weapon for 260 gold pieces
 12351 | D:9      | Found Oczouxoil's Assorted Antiques.
 12361 | D:9      | Noticed Erica
 12366 | D:9      | Reached skill level 11 in Fighting
 12375 | D:9      | Killed Erica
 12375 | D:9      | Reached *** piety under Trog
 12385 | D:9      | Reached XP level 11. HP: 58/120 MP: 11/11
 12466 | D:9      | Found a runed translucent door.
 12466 | D:9      | Noticed an unseen horror
 12491 | D:9      | Found an ornate altar of the Wu Jian Council.
 12493 | D:9      | Found an ancient bone altar of Kikubaaqudgha.
 12493 | D:9      | Found a hazy altar of Hepliaklqana.
 12495 | D:9      | Found a stormy altar of Qazlal.
 12495 | D:9      | Found a hide-covered altar of Uskayaw.
 12495 | D:9      | Found a shimmering altar of Xom.
 12556 | D:9      | Found an ornate altar of the Wu Jian Council.
 12686 | D:9      | Found a glowing silver altar of Zin.
 12771 | D:9      | Found a runed translucent gate.
 12772 | D:9      | Found a runed translucent gate.
 12772 | D:9      | Found a runed translucent gate.
 12775 | D:9      | Noticed Demosthentine's ghost (novice MfGl)
 12810 | D:10     | Entered Level 10 of the Dungeon
 13172 | D:10     | Identified the ring "Guppaid" {Fire rPois Will+ Slay-5}
 13273 | D:10     | Found a staircase to the Orcish Mines.
 13309 | D:10     | Identified Jimpacw's Incunabulum of Exhibitionism
 13481 | D:10     | Reached **** piety under Trog
 13580 | D:11     | Found a frozen archway.
 13612 | D:11     | Reached skill level 12 in Fighting
 13634 | IceCv    | Entered an ice cave
 13634 | IceCv    | Noticed a white ugly thing
 13663 | IceCv    | Found a transporter.
 13665 | IceCv    | Killed a white ugly thing
 13738 | IceCv    | Noticed a white ugly thing
 13740 | IceCv    | Found a transporter.
 13745 | IceCv    | Killed a white ugly thing
 13757 | IceCv    | Engulfed by an ice statue's freezing vapour

Illustrated notes

Levels and vault maps discovered:
D:1:      wander_arrival_chamber, layout_rooms, feat_on_display
D:2:      layout_basic, tgw_fedhas, uniq_sigmund, uniq_jessica, uniq_terence
D:3:      layout_rooms, uniq_natasha, uniq_grinder, uniq_crazy_yiuf_cottage
D:4:      layout_loops_ring, nicolae_gozag_cash_rules_everything_around_me,
          uniq_pikel, uniq_menkaure
D:5:      layout_basic, gammafunk_temple_overflow_elements,
          minmay_temple_entry_enclosed_plants,
          amcnicky_mini_rare_corridor_liquid, grunt_ministairs_8
D:6:      layout_layer_cave, kennysheep_mini_moat, serial_shops, shop,
          uniq_edmund, uniq_duvessa
D:7:      layout_loops_ring, fiery_altar_vehumet, mumra_transporter_accident,
          minmay_circle_x, uniq_prince_ribbit1
D:8:      layout_basic, nemelex_altar_shiori, serial_shops,
          kennysheep_little_box
D:9:      layout_cross, lemuel_coloured_pillars_altar, doesnt_xom_only_xom,
          basic_altar, gammafunk_ghost_spectres, serial_shops, shop,
          minmay_st_funbox, uniq_erica
D:10:     layout_roguey, orc_0_dummy, nicolae_looking_at_the_future
D:11:     minmay_the_grid_octo_tiled_squarecenter
          [minmay_the_grid_octo_checkered, minmay_the_grid_octo_vomiting_pacman,
          minmay_the_grid_octo_teeth, minmay_the_grid_octo_empty,
          minmay_the_grid_square_5x5_megaprize_hollow,
          minmay_the_grid_square_5x5_corner,
          minmay_the_grid_square_5x5_inverted_slash,
          minmay_the_grid_square_5x5_three,
          minmay_the_grid_square_5x5_gyroscope], layout_basic,
          portal_ice_cave_entry_ice_beasts, enter_trove_3
Temple:   minmay_temple_curvy_branch
IceCv:    ice_cave_statue_garden_transporter

Skill      XL: |  1  2  3  4  5  6  7  8  9 10 11 |
---------------+----------------------------------+-----
Fighting       | 3 5 6 7 8 9 11 12 | 12.2
Maces & Flails | 3 4 5 6 7 8 9 |  9.2
Throwing       | 3 5 6 7 8 9 |  9.7
Shields        | 2 4 6 7 |  7.1
Dodging        | |  2.6

Action                   |  1- 3 |  4- 6 |  7- 9 | 10-12 || total
-------------------------+-------+-------+-------+-------++-------
Melee: Flail             |    28 |       |       |       ||    28
       Hand axe          |    15 |       |       |       ||    15
       Whip              |    33 |    96 |   338 |       ||   467
       Mace              |       |       |   102 |   338 ||   440
       Giant spiked club |       |       |       |    19 ||    19
Throw: Large rock        |       |     4 |       |       ||     4
Invok: Trog's Hand       |       |       |       |     3 ||     3
       Berserk           |       |       |       |     1 ||     1
       Brothers in Arms  |       |       |       |     1 ||     1
  Use: Potion            |       |     6 |     3 |     1 ||    10
       Scroll            |       |     2 |     2 |     9 ||    13
 Stab: Sleeping          |       |     1 |     1 |     4 ||     6
Armor: Robe              |    44 |    21 |   119 |    71 ||   255
       Skin              |       |    25 |     9 |       ||    34
Dodge: Dodged            |    58 |    24 |   122 |   150 ||   354
Block: Kite shield       |    15 |    29 |   209 |   323 ||   576
       Other             |       |       |       |     3 ||     3

Table legend: (Time is in decaauts)
 A = Elapsed time spent in this place.
 B = Non-inter-level travel time spent in this place.
 C = Inter-level travel time spent in this place.
 D = Time resting spent in this place.
 E = Time spent auto-exploring this place.
 F = Levels seen in this place.
 G = Mean time per level.
                   A        B        C        D        E       F      G
               +--------+--------+--------+--------+--------+-----+--------+
         Total |  13974 |  13235 |    739 |   1479 |   9156 |  13 | 1074.9 |
       Dungeon |  13679 |  12962 |    717 |   1479 |   8974 |  11 | 1243.5 |
        Temple |    172 |    150 |     22 |      0 |    145 |   1 |  172.0 |
      Ice Cave |    122 |    122 |      0 |      0 |     37 |   1 |  122.0 |
               +--------+--------+--------+--------+--------+-----+--------+

Top non-repeatable levels by time:
     D:2: 2100 daAuts
     D:6: 1959 daAuts
     D:3: 1575 daAuts
     D:4: 1546 daAuts
     D:1: 1363 daAuts
     D:7: 1297 daAuts
     D:8: 1263 daAuts
     D:5: 1244 daAuts
    D:10: 708 daAuts
     D:9: 474 daAuts
  Temple: 172 daAuts
    D:11: 146 daAuts
   IceCv: 122 daAuts
